 Dungeon Crawl Stone Soup version 0.21-a0-278-ga722497 (webtiles) character file.

25776 Acooler1 the Whirler (level 13, -4/90 HPs)
             Began as a Halfling Hunter on Sept 23, 2017.
             Was an Elder of Nemelex Xobeh.
             Slain by a slime creature (19 damage)
             ... on level 4 of the Swamp.
             The game lasted 04:23:52 (11053 turns).

Acooler1 the Whirler (Halfling Hunter)             Turns: 11053, Time: 04:23:52

Health: -4/90      AC: 10    Str: 22    XL:     13   Next: 53%
Magic:  17/17      EV: 28    Int: 10    God:    Nemelex Xobeh [****..]
Gold:   757        SH:  3    Dex: 22    Spells: 11/12 levels left

rFire    + . .     SeeInvis .   K - +7 hunting sling "Hashrad" {venom, Str+4}
rCold    . . .     Gourm    .   (shield restricted)
rNeg     . . .     Faith    .   M - +3 leather armour {rF+}
rPois    .         Spirit   .   C - +0 helmet "Raghua Aresk" {*Slow rElec MR+++ Str+4}
rElec    +         Reflect  +   E - +0 cloak
rCorr    .         Harm     .   X - +1 pair of gloves
MR       +++..                  (no boots)
Stlth    +++.......             N - +3 amulet of reflection
HPRegen  0.25/turn              c - +4 ring of evasion
MPRegen  0.15/turn              m - +4 ring of dexterity

@: very slightly contaminated
A: mutation resistance 1
a: Triple Draw, Deal Four, Renounce Religion


You were on level 4 of the Swamp.
You worshipped Nemelex Xobeh.
Nemelex Xobeh was greatly pleased with you.
You were full.

You visited 4 branches of the dungeon, and saw 19 of its levels.
You also visited: Labyrinth.

You collected 757 gold pieces.

Inventory:

Hand Weapons
 K - the +7 hunting sling "Hashrad" (weapon) {venom, Str+4}
   (You found it on level 1 of the Lair of Beasts)

   It poisons the ammo it fires.
   It affects your strength (+4).
 W - the +6 dagger "Irizxuetz" {speed, rF+++ Str+5 Int-4}
   (You found it on level 8 of the Dungeon)

   Attacks with this weapon are significantly faster.
   It affects your strength (+5).
   It affects your intelligence (-4).
   It renders you almost immune to fire.
Missiles
 l - 50 stones (quivered)
Armour
 k - a +2 robe of positive energy
 n - a +1 troll leather armour
 C - the +0 helmet "Raghua Aresk" (worn) {*Slow rElec MR+++ Str+4}
   (You found it on level 4 of the Dungeon)

   It affects your strength (+4).
   It insulates you from electricity.
   It affects your resistance to hostile enchantments.
   It may slow you when you take damage.
 E - a +0 cloak (worn)
 J - a +1 pair of boots
 M - a +3 leather armour of fire resistance (worn)
 P - the cursed +0 helmet of the Harvest Moon {rElec MR+ SInv, unknown}
   (You found it on level 7 of the Dungeon)

   It insulates you from electricity.
   It affects your resistance to hostile enchantments.
   It lets you see invisible.
   It has a curse placed upon it.
 X - a +1 pair of gloves (worn)
Jewellery
 c - a +4 ring of evasion (left hand)
 m - a +4 ring of dexterity (right hand)
 w - an uncursed ring of magical power {unknown}
 G - a cursed ring of teleportation {unknown}
 N - a +3 amulet of reflection (around neck)
 O - an uncursed ring of stealth {unknown}
 R - the ring of Kanysetz {Wiz rElec Dex+2, unknown}
   (You found it on level 3 of the Swamp)

   [ring of wizardry]

   It improves your spell success rate.
   It affects your dexterity (+2).
   It insulates you from electricity.
 T - an uncursed amulet of guardian spirit {unknown}
Wands
 h - a wand of digging (9/24)
 p - a wand of flame (36/48)
 t - a wand of lightning (0/15)
 v - a wand of random effects (14/48)
 D - a wand of polymorph (4/24)
 H - a wand of confusion (26/48)
Scrolls
 a - a scroll of enchant weapon
 i - a scroll of recharging
 s - a scroll of fog
 L - 3 scrolls of teleportation
 Q - a scroll of magic mapping {unknown}
Potions
 b - 3 potions of flight
 f - 3 potions of might
 r - a potion of resistance {unknown}
 u - a potion of magic
 x - a potion of ambrosia {unknown}
 z - 2 potions of lignification {unknown}
 B - a potion of invisibility {unknown}
 S - a potion of mutation
 V - a potion of haste {unknown}
Books
 y - the Papyrus of Poisonous Transmigration
   (You found it in a labyrinth)

   Spells                             Type                      Level
   a - Beastly Appendage              Transmutation                1
   b - Petrify                        Transmutation/Earth          4
   c - Irradiate                      Conjuration/Transmutation    5
   d - Yara's Violent Unravelling     Hexes/Transmutation          5
   e - Alistair's Intoxication        Transmutation/Poison         5
Miscellaneous
 e - a legendary deck of escape {drawn: 1}
 j - an ornate deck of escape
 q - a plain deck of destruction {drawn: 9}
 Z - a plain deck of summoning {drawn: 7}
Comestibles
 g - 4 royal jellies
 A - 5 bread rations
 U - 4 meat rations
 Y - a fruit


   Skills:
 + Level 9.4 Fighting
 * Level 20.5 Slings
 + Level 0.6(10.3) Throwing
 + Level 3.4 Armour
 * Level 10.0 Dodging
 + Level 3.6 Stealth
 + Level 5.8 Invocations
 + Level 3.4 Evocations


You had 11 spell levels left.
You knew the following spells:

 Your Spells              Type           Power        Failure   Level  Hunger
a - Corona                Hex            #......      41%         1    ##.....


Dungeon Overview and Level Annotations

Branches:
Dungeon (10/15)            Temple (1/1) D:4            Lair (4/6) D:10
  Swamp (4/4) Lair:4
  Snake: Lair:2-4    Spider: Lair:2-4       Orc: D:9-12

Altars:
Ashenzari
Cheibriados
Dithmenos
Elyvilon
Fedhas
Gozag
Hepliaklqana
Kikubaaqudgha
Makhleb
Nemelex Xobeh
Okawaru
Qazlal
Ru
Sif Muna
Trog
Uskayaw
Vehumet
Wu Jian
Xom
Yredelemnul
Zin
The Shining One


Innate Abilities, Weirdness & Mutations

You are small and have problems with some larger weapons.
You are somewhat resistant to further mutation.


Message History

You draw a card...
It is the Illusion.
Suddenly you stand beside yourself.
The slime creature hits you but does no damage.
The bog body casts a spell at you. The bolt of cold misses you.
The slime creature hits you.
* * * LOW HITPOINT WARNING * * *
Unknown command.
A slime creature comes into view.
The slime creature quivers.
The orange demon barely misses you.
A slime creature comes into view.
You see here 19 stones.
You draw a card...
It is the Orb.
You have drawn the Orb.
Press: ? - help, Shift-Dir - straight line, f - slime creature
Aim: a slime creature (water)
The orb of energy hits the slime creature.
The slime creature is lightly wounded.
The slime creature hits you!!
You die...
Your body glows with a rainbow of weird colours and disappears.

♣≈♣♣.§.≈≈≈≈♣##≈#
♣≈..≈≈≈≈≈≈≈##.#. #
...≈≈≈≈≈≈≈≈#≈≈≈≈ ≈
≈≈≈≈≈≈≈≈≈≈≈#.≈≈.#J##
.≈≈≈≈≈≈≈≈≈)#.#J#J♣.## .♣
♣.≈†≈≈≈≈#.≈≈≈≈≈≈.#
.≈♣♣♣♣.≈≈≈≈#≈.≈≈≈≈≈≈##
♣../#♣w≈≈≈≈#≈≈≈.JJ≈≈≈#
♣.≈...♣D.≈♣#≈#≈#@@≈≈#.≈#
♣.≈D≈n#♣♣♣♣ #(#.#.≈≈n♣≈#
♣♣.≈§..n§♣♣♣(#4#≈≈≈≈♣≈≈≈
♣♣≈≈≈.§§§♣(#≈#≈#..≈≈#..≈
♣....≈§§(≈.♣≈#≈≈≈...≈≈.
♣♣♣≈≈≈♣§..≈.≈##♣♣##♣♣##
♣♣†<.(....≈≈≈♣
♣..≈≈(≈....≈≈♣
♣.≈≈≈†.....}♣♣


You could see 5 slime creatures, an orange demon, a bog body and the friendly
Acooler1's illusion.

Vanquished Creatures
  A spark wasp (Lair:4)
  A minotaur (Lab)
  5 hydras
  3 alligators
  A spriggan (Swamp:3)
  The ghost of exulis the Cutter, a novice DrBe of Trog (D:8)
  A harpy (Lair:3)
  An ugly thing (Swamp:4)
  A shining eye (D:10)
  Maurice (D:10)
  A black mamba (Lair:3)
  Joseph (D:10)
  5 spiny frogs
  A rime drake (Lair:3)
  2 komodo dragons (Lair:2)
  A tyrant leech (Swamp:3)
  A jumping spider (Lair:3)
  2 hornets (Swamp:3)
  A wind drake (Lair:3)
  A meliai (Lair:3)
  Prince Ribbit (D:5)
  5 dream sheep (Lair:4)
  A bog body (Swamp:3)
  A blink frog (Lair:1)
  4 hippogriffs
  A wyvern (D:10)
  5 yaks (Lair:3)
  A golden eye (Lair:3)
  A basilisk (Lair:3)
  A hungry ghost (D:7)
  Edmund (D:6)
  4 swamp worms
  3 water moccasins
  Duvessa (D:6)
  5 porcupines
  3 swamp drakes
  An ice beast (D:7)
  A sky beast (D:7)
  A black bear (Lair:3)
  A phantom (D:4)
  3 ogres
  2 centaurs
  5 wolves
  2 crocodiles
  5 bullfrogs
  Dowan (D:6)
  2 scorpions
  An electric eel (D:10)
  3 crimson imps
  2 howler monkeys
  2 bullfrog zombies
  A jelly (D:6)
  6 orc wizards
  A gnoll shaman (D:7)
  7 orc priests
  10 hounds
  2 iguanas
  6 worker ants
  A hound skeleton (D:7)
  A worker ant zombie (D:7)
  8 gnolls
  7 adders
  3 shadow imps
  An ooze (D:5)
  3 worms
  A dart slug (D:1)
  4 leopard geckos
  24 orcs
  3 giant cockroaches
  6 goblins
  5 hobgoblins
  6 jackals
  4 quokkas
  2 ball pythons
  3 bats
  4 frilled lizards
  4 kobolds
  A leopard gecko skeleton (D:6)
  4 rats
  A plant (Lair:3)
231 creatures vanquished.

Vanquished Creatures (collateral kills)
  Urug (D:10)
  A spiny frog (Swamp:1)
  A troll (D:10)
  A dream sheep (Lair:4)
  5 vampire mosquitoes
  A steam dragon (D:9)
  A hungry ghost (D:10)
  An orc warrior (D:8)
  A swamp drake (Swamp:4)
  A crocodile (Lair:2)
  A wyvern zombie (D:10)
  A scorpion (D:10)
  An electric eel (D:10)
  A crimson imp (D:8)
  2 hounds (D:10)
  An orc (D:8)
21 creatures vanquished.

Vanquished Creatures (others)
  2 hydras (Swamp:4)
  An alligator (Swamp:4)
  An ugly thing (Swamp:4)
  2 orange demons (Swamp:4)
  A troll (D:10)
  A vampire mosquito (Swamp:4)
  A wolf (Lair:2)
  3 fungi
12 creatures vanquished.

Grand Total: 264 creatures vanquished

Notes
Turn   | Place    | Note
-------+----------+-------------------------------------------
     0 | D:1      | Acooler1 the Halfling Hunter began the quest for the Orb.
     0 | D:1      | Reached XP level 1. HP: 14/14 MP: 1/1
   242 | D:1      | Reached skill level 6 in Slings
   415 | D:1      | Reached XP level 2. HP: 19/19 MP: 2/2
  1030 | D:2      | Reached XP level 3. HP: 24/24 MP: 3/3
  1040 | D:2      | Found a radiant altar of Vehumet.
  1296 | D:2      | Reached skill level 7 in Slings
  1407 | D:2      | Found a burning altar of Makhleb.
  1421 | D:2      | Reached XP level 4. HP: 24/29 MP: 4/4
  1640 | D:3      | Reached skill level 8 in Slings
  2301 | D:3      | Reached XP level 5. HP: 34/34 MP: 5/5
  2634 | D:4      | Reached skill level 9 in Slings
  2634 | D:4      | Reached XP level 6. HP: 38/41 MP: 6/6
  2666 | D:4      | Got a steaming helmet
  2672 | D:4      | Identified the +0 helmet "Raghua Aresk" {*Slow rElec MR+++ Str+4} (You found it on level 4 of the Dungeon)
  2798 | D:4      | Found a staircase to the Ecumenical Temple.
  2820 | Temple   | Entered the Ecumenical Temple
  2964 | Temple   | Became a worshipper of Nemelex Xobeh the Trickster
  3206 | D:4      | Found a white marble altar of Elyvilon.
  3266 | D:4      | Noticed a phantom
  3275 | D:4      | Killed a phantom
  3275 | D:4      | Reached XP level 7. HP: 46/46 MP: 7/7
  3278 | D:4      | Received a gift from Nemelex Xobeh
  3407 | D:5      | Entered Level 5 of the Dungeon
  3407 | D:5      | Noticed Prince Ribbit
  3418 | D:5      | Killed Prince Ribbit
  3418 | D:5      | Reached skill level 10 in Slings
  3517 | D:5      | Found an opulent altar of Gozag.
  3720 | D:5      | Reached * piety under Nemelex Xobeh
  3729 | D:5      | Noticed a water moccasin
  3739 | D:5      | Killed a water moccasin
  3739 | D:5      | Reached skill level 11 in Slings
  3739 | D:5      | Reached XP level 8. HP: 53/53 MP: 8/8
  3960 | D:6      | Noticed Dowan
  3967 | D:6      | Killed Dowan
  3983 | D:6      | Reached skill level 12 in Slings
  3986 | D:6      | Found an ancient bone altar of Kikubaaqudgha.
  4049 | D:6      | Noticed Edmund
  4068 | D:6      | Killed Edmund
  4090 | D:6      | Found an iron altar of Okawaru.
  4093 | D:6      | Found a glowing golden altar of the Shining One.
  4093 | D:6      | Found a blossoming altar of Fedhas.
  4096 | D:6      | Found an ornate altar of the Wu Jian Council.
  4163 | D:6      | Reached XP level 9. HP: 49/58 MP: 9/9
  4224 | D:6      | Reached skill level 13 in Slings
  4225 | D:6      | Received a gift from Nemelex Xobeh
  4354 | D:6      | Noticed Duvessa
  4375 | D:6      | Killed Duvessa
  4375 | D:6      | Reached skill level 1 in Invocations
  4661 | D:7      | Reached skill level 5 in Fighting
  4701 | D:7      | Got a jewelled helmet
  4727 | D:7      | Reached skill level 5 in Dodging
  4948 | D:7      | Received a gift from Nemelex Xobeh
  5018 | D:7      | Reached skill level 14 in Slings
  5221 | D:7      | Reached ** piety under Nemelex Xobeh
  5381 | D:8      | Received a gift from Nemelex Xobeh
  5505 | D:8      | Noticed a hippogriff
  5512 | D:8      | Killed a hippogriff
  5512 | D:8      | Reached XP level 10. HP: 66/66 MP: 11/11
  5514 | D:8      | Noticed exulis's ghost (novice DrBe)
  5532 | D:8      | Killed exulis's ghost
  5532 | D:8      | Reached skill level 1 in Armour
  5540 | D:8      | Reached skill level 15 in Slings
  5669 | D:8      | Found a hide-covered altar of Uskayaw.
  5725 | D:8      | Got a steaming dagger
  5822 | D:9      | Received a gift from Nemelex Xobeh
  5933 | D:9      | Found a shadowy altar of Dithmenos.
  6051 | D:9      | Received a gift from Nemelex Xobeh
  6067 | D:9      | Reached *** piety under Nemelex Xobeh
  6190 | D:10     | Entered Level 10 of the Dungeon
  6225 | D:10     | Noticed a two-headed ogre
  6538 | D:10     | Noticed Urug
  6558 | D:10     | Killed Urug
  6720 | D:10     | Noticed Joseph
  6729 | D:10     | Noticed a shining eye
  6729 | D:10     | a two-headed ogre changed into a shining eye
  6730 | D:10     | Reached skill level 16 in Slings
  6742 | D:10     | Killed a shining eye
  6745 | D:10     | Found a staircase to the Lair.
  6783 | D:10     | Killed Joseph
  6977 | D:10     | Reached skill level 1 in Evocations
  6977 | D:10     | Reached XP level 11. HP: 74/74 MP: 12/12
  7038 | D:10     | Noticed Maurice
  7129 | D:10     | Killed Maurice
  7298 | Lair:1   | Entered Level 1 of the Lair of Beasts
  7373 | Lair:1   | Received a gift from Nemelex Xobeh
  7498 | Lair:1   | Got a polished hunting sling
  7506 | Lair:1   | Reached **** piety under Nemelex Xobeh
  7506 | Lair:1   | Received a gift from Nemelex Xobeh
  7517 | Lair:1   | Found a labyrinth entrance.
  7589 | Lab      | Entered a labyrinth
  8579 | Lab      | Received a gift from Nemelex Xobeh
  8683 | Lab      | Noticed a minotaur
  8688 | Lab      | Killed a minotaur
  8688 | Lab      | Reached skill level 17 in Slings
  8692 | Lab      | Identified the Papyrus of Poisonous Transmigration
  8989 | Lair:2   | Received a gift from Nemelex Xobeh
  9104 | Lair:2   | Learned a level 1 spell: Corona
  9379 | Lair:3   | Identified the +6 dagger "Irizxuetz" {speed, rF+++ Str+5 Int-4} (You found it on level 8 of the Dungeon)
  9381 | Lair:3   | Identified the +7 hunting sling "Hashrad" {venom, Str+4} (You found it on level 1 of the Lair of Beasts)
  9456 | Lair:3   | Noticed a harpy
  9456 | Lair:3   | a yak changed into a harpy
  9466 | Lair:3   | Reached XP level 12. HP: 40/82 MP: 12/15
  9467 | Lair:3   | Reached skill level 18 in Slings
  9635 | Lair:3   | Received a gift from Nemelex Xobeh
  9730 | Lair:4   | Noticed a five-headed hydra
  9736 | Lair:4   | Noticed a spark wasp
  9736 | Lair:4   | a five-headed hydra changed into a spark wasp
  9745 | Lair:4   | Killed a spark wasp
  9882 | Lair:4   | Noticed a four-headed hydra
  9889 | Lair:4   | Killed a four-headed hydra
  9901 | Lair:4   | Received a gift from Nemelex Xobeh
  9929 | Lair:4   | Reached skill level 5 in Invocations
  9951 | Lair:4   | Noticed a seven-headed hydra
  9972 | Lair:4   | Killed a seven-headed hydra
  9972 | Lair:4   | Reached skill level 19 in Slings
 10094 | Lair:4   | Found a staircase to the Swamp.
 10142 | Lair:4   | Received a gift from Nemelex Xobeh
 10167 | Swamp:1  | Entered Level 1 of the Swamp
 10176 | Swamp:1  | Noticed a five-headed hydra
 10186 | Swamp:1  | Killed a five-headed hydra
 10456 | Swamp:2  | Noticed an alligator
 10466 | Swamp:2  | Killed an alligator
 10687 | Swamp:3  | Noticed a spriggan rider
 10693 | Swamp:3  | Killed a spriggan rider
 10693 | Swamp:3  | Reached XP level 13. HP: 90/90 MP: 17/17
 10829 | Swamp:3  | Noticed a seven-headed hydra
 10837 | Swamp:3  | Killed a seven-headed hydra
 10864 | Swamp:3  | Got an ancient pewter ring
 10908 | Swamp:3  | Received a gift from Nemelex Xobeh
 10925 | Swamp:3  | Reached skill level 20 in Slings
 10982 | Swamp:4  | Entered Level 4 of the Swamp
 11008 | Swamp:4  | Noticed a six-headed hydra
 11008 | Swamp:4  | Noticed a five-headed hydra
 11010 | Swamp:4  | Noticed a six-headed hydra
 11026 | Swamp:4  | Killed a five-headed hydra
 11031 | Swamp:4  | HP: 4/90 [six-headed hydra (12)]
 11039 | Swamp:4  | Killed a six-headed hydra
 11039 | Swamp:4  | Killed an eight-headed hydra
 11039 | Swamp:4  | Reached skill level 10 in Dodging
 11053 | Swamp:4  | Slain by a slime creature

Vault maps used:
D:1:      evilmike_arrival_plus, kennysheep_minor_cross
D:2:      makhleb_blood_cavern_becter, lemuel_crystal_altar, st_stairs_9
D:4:      kennysheep_mini, minmay_temple_entry_trees
D:5:      kennysheep_mini_moat, basic_altar, first_bread, uniq_prince_ribbit1
D:6:      grunt_temple_overflow_open, kiku_gazebo_garden_becter, dk_vineyard_3,
          grunt_ministairs_5, kennysheep_generic_room_15, uniq_duvessa,
          uniq_edmund
D:8:      eat_drink_and_be_merry_uskayaw
D:9:      lemuel_round_altar, serial_shops, kennysheep_little_box
D:10:     erik_lair_island, uniq_joseph, uniq_maurice, uniq_urug
Temple:   jpeg_temple_clearing
Lair:1:   lab_entry_generic
Lair:2:   uniq_gastronok
Lair:3:   nicolae_spider_entry_tight_spaces, grunt_megastairs_5,
          lemuel_fruit_fields, serial_bayou_shore_a, serial_bayou_shore_b
Lair:4:   swamp_mist, grunt_megastairs_1, lemuel_fruit_tree
Swamp:1:  nicolae_swamp_dense_foliage, uniq_roxanne, uniq_louise, uniq_nikola
Swamp:2:  nicolae_swamp_trees_clearing
Swamp:3:  hangedman_swamp_cone, swamp_pool3
Swamp:4:  swamp_vile

Skill      XL: |  1  2  3  4  5  6  7  8  9 10 11 12 13 |
---------------+----------------------------------------+-----
Slings         | 6 7 8 9 11 12 14 16 17 19 20 | 20.5
Fighting       | 2 3 4 5 6 7 8 9 |  9.4
Stealth        | 2 3 |  3.6
Dodging        | 3 4 5 7 8 9 10 | 10.0
Invocations    | 1 2 4 5 |  5.8
Armour         | 2 3 |  3.4
Evocations     | 1 2 3 |  3.4
Throwing       | |  0.6

Action                   |  1- 3 |  4- 6 |  7- 9 | 10-12 | 13-15 || total
-------------------------+-------+-------+-------+-------+-------++-------
Melee: Hunting sling     |       |       |       |     1 |       ||     1
 Fire: Hunting sling     |    70 |   115 |   429 |   505 |    86 ||  1205
Throw: Throwing net      |       |       |       |     3 |       ||     3
Invok: Triple Draw       |       |       |       |     3 |     2 ||     5
       Deal Four         |       |       |       |     1 |       ||     1
Evoke: Deck              |       |       |    11 |    33 |    11 ||    55
       Wand              |       |       |     2 |    15 |     5 ||    22
  Use: Scroll            |     5 |     1 |     8 |    16 |     5 ||    35
       Potion            |       |       |     1 |     5 |     4 ||    10
  Eat: Fruit             |     1 |     2 |     5 |    13 |     2 ||    23
       Bread ration      |       |     1 |       |       |       ||     1
       Royal jelly       |       |       |     2 |     1 |       ||     3
       Meat ration       |       |       |       |     1 |       ||     1
Armor: Leather armour    |     1 |       |    11 |    26 |    13 ||    51
       Robe              |     1 |     5 |     2 |       |       ||     8
Dodge: Dodged            |    23 |    32 |    80 |   179 |    79 ||   393
Block: Other             |       |       |       |       |    10 ||    10

Table legend:
 A = Spawn XP
 B = Non-spawn XP
 C = Spawn XP percentage of total XP
 D = Spawn monster count
 E = Non-spawn monster count
 F = Spawn count percentage of total count
 G = Total turns spent on level
                    A         B        C        D         E        F      G
               +---------+---------+-------+---------+---------+-------+---------
         Total |       0 |   36823 |   0.0 |       0 |     260 |   0.0 | 11053
               +---------+---------+-------+---------+---------+-------+---------
           D:1 |       0 |      26 |   0.0 |       0 |      15 |   0.0 |   806
           D:2 |       0 |      63 |   0.0 |       0 |       9 |   0.0 |   785
           D:3 |       0 |      53 |   0.0 |       0 |      15 |   0.0 |   808
           D:4 |       0 |     437 |   0.0 |       0 |      16 |   0.0 |   843
           D:5 |       0 |     760 |   0.0 |       0 |      19 |   0.0 |   490
           D:6 |       0 |    1187 |   0.0 |       0 |      23 |   0.0 |   682
           D:7 |       0 |     971 |   0.0 |       0 |      29 |   0.0 |   763
           D:8 |       0 |    1284 |   0.0 |       0 |      20 |   0.0 |   434
           D:9 |       0 |     221 |   0.0 |       0 |       5 |   0.0 |   414
          D:10 |       0 |    3371 |   0.0 |       0 |      24 |   0.0 |  1108
        Lair:1 |       0 |     628 |   0.0 |       0 |       4 |   0.0 |   296
        Lair:2 |       0 |    2113 |   0.0 |       0 |      12 |   0.0 |   493
        Lair:3 |       0 |    4998 |   0.0 |       0 |      18 |   0.0 |   435
        Lair:4 |       0 |    6334 |   0.0 |       0 |      17 |   0.0 |   520
       Swamp:1 |       0 |    1697 |   0.0 |       0 |       5 |   0.0 |   289
       Swamp:2 |       0 |    1033 |   0.0 |       0 |       2 |   0.0 |   229
       Swamp:3 |       0 |    5620 |   0.0 |       0 |      14 |   0.0 |   297
       Swamp:4 |       0 |    4909 |   0.0 |       0 |      12 |   0.0 |    71
           Lab |       0 |    1118 |   0.0 |       0 |       1 |   0.0 |  1125
               +---------+---------+-------+---------+---------+-------+---------
